 Dungeon Crawl Stone Soup version 0.31-a0-977-gc230f8ef24 (webtiles) character file.

Game seed: 17081677398254703837

635 mandarbmax the Skirmisher (level 7, -4/60 HPs)
             Began as a Tengu Hunter on Oct 29, 2023.
             Was a Plaything of Xom.
             Slain by Pikel
             ... wielding a +2 whip of electrocution
              (13 damage)
             ... on level 6 of the Dungeon.
             The game lasted 00:09:57 (3337 turns).

mandarbmax the Skirmisher (Tengu Hunter)            Turns: 3337, Time: 00:09:59

Health: -4/60      AC: 23    Str: 11    XL:     7   Next: 50%
Magic:  8/8        EV:  2    Int:  9    God:    Xom [..*...]
Gold:   195        SH:  0    Dex: 20    Spells: 2/6 levels left

rFire   . . .        a - +0 shortbow
rCold   . . .        (shield currently unavailable)
rNeg    . . .        p - melded +0 leather armour {Will+}
rPois   +            (helmet currently unavailable)
rElec   .            g - melded +0 cloak
rCorr   +            (gloves currently unavailable)
SInv    .            (boots unavailable)
Will    .....        (no amulet)
Stlth   ++           d - ring of resist corrosion
HPRegen 0.30/turn    (no ring)
MPRegen 0.11/turn

%: acrobat
@: brilliant, tree-form, hasted, studying Throwing, invisible, very quick
A: stationary, stasis, torment immunity, boosted hp, (beak), (talons 3), evasive
flight, acrobatic, sense surroundings 1, wild magic 1, MP-powered wands
a: Renounce Religion


You were on level 6 of the Dungeon.
You worshipped Xom.
You were a toy of Xom.
You were a tree.
You visited 1 branch of the dungeon, and saw 6 of its levels.

You collected 195 gold pieces.

Inventory:

Hand Weapons
 a - a +0 shortbow (weapon)
Armour
 g - a +0 cloak (melded)
 p - a +0 leather armour of willpower (melded)
Jewellery
 d - a ring of resist corrosion (left branch)
Scrolls
 b - a scroll of noise {unknown}
 e - a scroll of enchant weapon {unknown}
 f - a scroll of fear {unknown}
 h - 2 scrolls of amnesia {unknown}
 i - 3 scrolls of identify
 j - a scroll of vulnerability {unknown}
 o - a scroll of teleportation {unknown}


   Skills:
 - Level 2.0 Fighting
 + Level 9.7 Ranged Weapons
 - Level 2.1 Dodging
 - Level 1.0 Stealth


You had 2 spell levels left.
You knew the following spells:

 Your Spells              Type           Power      Damage    Failure   Level
a - Blink                 Tloc           0%         N/A       61%         2
b - Wereblood             Tmut           0%         N/A       61%         2

Your spell library contained the following spells:

 Spells                   Type           Power      Damage    Failure   Level
 Freeze                   Ice            0%         1d3       47%         1
 Slow                     Hex            0%         N/A       47%         1
 Lesser Beckoning         Tloc           0%         N/A       61%         2
 Momentum Strike          Conj/Tloc      0%         3d8       61%         2
 Sublimation of Blood     Necr           0%         N/A       61%         2
 Frozen Ramparts          Ice            0%         1d1       83%         3
 Hailstorm                Conj/Ice       0%         3d3       83%         3
 Vhi's Electric Charge    Tloc/Air       0%         N/A       99%         4
 Arcjolt                  Conj/Air       0%         1d10      100%        5
 Summon Hydra             Summ           0%         N/A       100%        7
 Maxwell's Capacitive Co  Air            0%         ∞         100%        8


Dungeon Overview and Level Annotations

Branches:
Dungeon (5/15)             Temple (0/1) D:6

Altars:
Fedhas
Sif Muna
Xom

Annotations:
D:6 Pikel


Innate Abilities, Weirdness & Mutations

You are a tree.
Your roots penetrate the ground, keeping you stationary.
You cannot be teleported.
You are immune to unholy pain and torment.
Your maximum health is greatly increased.
Your equipment is partially melded.
((You have a beak for a mouth.))
((You have claws for feet.))
Your magical flight helps you evade attacks. (EV +4)
You can magically evade attacks while moving or waiting.
You passively map a small area around you.
Your spells are a little harder to cast, but a little more powerful.
You expend magic power (3 MP) to strengthen your wands.


Message History

Press: ? - help, Q - select action, (/) - cycle Dir - look around, f - activate You shoot an arrow.
Pikel hits you with a +2 whip of electrocution.
* * * LOW HITPOINT WARNING * * *
You aren't carrying any potions.
You are too confused!
Non-targeted confused fire: a) +0 shortbow
Press: ? - help, Q - select action, (/) - cycle Dir - look around, f - activate Look: Pikel, wielding a +2 whip of electrocution and wearing a +2 robe of resistance (heavily wounded, unable to see you)
You shoot an arrow.
Unknown command.
Non-targeted confused fire: a) +0 shortbow
Press: ? - help, Q - select action, (/) - cycle Dir - look around, f - activate Look: Pikel, wielding a +2 whip of electrocution and wearing a +2 robe of resistance (heavily wounded, unable to see you)
You shoot an arrow. The arrow barely misses Pikel.
You feel less invigorated.
You feel less confused. Pikel barely misses you.
Fire: a) +0 shortbow
Press: ? - help, Q - select action, (/) - cycle Shift-Dir - straight line, p - Pikel You shoot an arrow.
The arrow hits Pikel!
Pikel is almost dead.
Pikel hits you but does no damage.
Unknown command.
Fire: a) +0 shortbow
Press: ? - help, Q - select action, (/) - cycle Shift-Dir - straight line, f - Pikel
Aim: Pikel, wielding a +2 whip of electrocution and wearing a +2 robe of resistance (almost dead, unable to see you, 61% to hit)
You shoot an arrow. The arrow hits Pikel.
Pikel is almost dead.
Fire: a) +0 shortbow
Press: ? - help, Q - select action, (/) - cycle Shift-Dir - straight line, f/p - Pikel
Aim: Pikel, wielding a +2 whip of electrocution and wearing a +2 robe of resistance (almost dead, unable to see you, 61% to hit)
You shoot an arrow.
The arrow hits Pikel but does no damage.
Pikel is almost dead.
Pikel hits you with a +2 whip of electrocution.
* * * LOW HITPOINT WARNING * * *
You are electrocuted!
You die...
Pikel says, "Another soul for the market."

#.# #.# , *,**
* #.###### , *
.. , ....... ,
, * #.#
*#....#
#...##....# *
, #.......# *,
*
######K...###
#....♣........
#.############
#.# ###.#
#...# #.### *
#.# , #.#
##'## ,


You could see Pikel (unable to see you).

Vanquished Creatures
  An ogre (D:4)
  4 lemures (D:6)
  A phantom (D:3)
  A scorpion (D:5)
  2 hounds
  2 jellies
  A sleepcap (D:5)
  2 iguanas
  4 orc wizards
  2 adders (D:4)
  6 worms
  2 dart slugs
  7 orcs
  A bat (D:1)
  13 endoplasms
  4 giant cockroaches
  5 goblins
  5 hobgoblins
  12 jackals
  3 quokkas
  3 ball pythons
  A frilled lizard (D:1)
  7 kobolds
  5 rats
94 creatures vanquished.

Notes
Turn   | Place    | Note
-------+----------+-------------------------------------------
     0 | D:1      | mandarbmax the Tengu Hunter began the quest for the Orb.
     0 | D:1      | Reached XP level 1. HP: 12/12 MP: 2/2
    22 | D:1      | Reached XP level 2. HP: 16/17 MP: 3/3
    93 | D:1      | Reached skill level 5 in Ranged Weapons
   275 | D:1      | Reached XP level 3. HP: 21/21 MP: 4/4
  1275 | D:3      | Reached skill level 6 in Ranged Weapons
  1275 | D:3      | Reached XP level 4. HP: 5/26 MP: 5/5
  1605 | D:3      | Noticed a phantom
  1615 | D:3      | Killed a phantom
  1616 | D:3      | Reached skill level 7 in Ranged Weapons
  1616 | D:3      | Reached XP level 5. HP: 11/30 MP: 6/6
  1738 | D:3      | Learned a level 2 spell: Blink
  1741 | D:3      | Learned a level 2 spell: Wereblood
  2211 | D:4      | Identified the "Neonuahoi"
  2232 | D:4      | Gained mutation: You passively map a small area around you.
                  | [potion of mutation]
  2232 | D:4      | Gained mutation: Your spells are a little harder to cast,
                  | but a little more powerful. [potion of mutation]
  2232 | D:4      | Gained mutation: You expend magic power (3 MP) to
                  | strengthen your wands. [potion of mutation]
  2334 | D:4      | Noticed an ogre
  2342 | D:4      | Killed an ogre
  2343 | D:4      | Reached skill level 8 in Ranged Weapons
  2343 | D:4      | Reached XP level 6. HP: 35/35 MP: 7/7
  2797 | D:4      | Found a shimmering blue altar of Sif Muna.
  2865 | D:4      | Gained mutation: Your magical flight helps you evade
                  | attacks. (EV +4) [Tengu growth]
  2865 | D:4      | Reached XP level 7. HP: 31/40 MP: 8/8
  2921 | D:5      | Entered Level 5 of the Dungeon
  2931 | D:5      | Reached skill level 9 in Ranged Weapons
  2980 | D:5      | Found a blossoming altar of Fedhas.
  3247 | D:5      | You are sucked into a shaft and drop 1 floor!
  3247 | D:6      | Found a bloodstained altar of Trog.
  3247 | D:6      | Found a white marble altar of Elyvilon.
  3247 | D:6      | Found a bloodstained altar of Trog.
  3247 | D:6      | Found a hide-covered altar of Uskayaw.
  3247 | D:6      | Found a shimmering altar of Xom.
  3253 | D:6      | Became a worshipper of Xom of Chaos
  3265 | D:6      | XOM: silly message
  3275 | D:6      | Noticed Pikel
  3277 | D:6      | XOM: potion effect (brilliance)
  3300 | D:6      | XOM: smoke on damage
  3317 | D:6      | XOM: potion effect (invisibility)
  3329 | D:6      | XOM: potion effect (invisibility)
  3330 | D:6      | HP: 3/60 [Pikel/+2 whip of electrocution (17)]
  3337 | D:6      | Slain by Pikel

Illustrated notes

Levels and vault maps discovered:
D:1:      lemuel_arrival_lava_pool, layout_rooms
D:2:      layout_loops_corners
D:3:      layout_basic, grunt_decor_fettered
D:4:      layout_cave_pools, led_sif_book, minmay_manual_monolith
D:5:      layout_loops_corners, mainiacjoe_overflow_alcove_2,
          overflow_temple_1_default, nicolae_zig_zag_zippers
D:6:      layout_basic, doesnt_xom_only_xom, minmay_temple_entry_statues,
          nicolae_ossuary_entry_ruins, kennysheep_dice, uniq_pikel,
          uniq_eustachio

Skill      XL: |  1  2  3  4  5  6  7 |
---------------+----------------------+-----
Ranged Weapons | 5 6 7 8 9 |  9.7
Fighting       | |  2.0
Dodging        | |  2.1
Stealth        | |  1.0

Action                     |  1- 3 |  4- 6 |  7- 9 || total
---------------------------+-------+-------+-------++-------
   Fire: Shortbow          |   111 |   159 |    92 ||   362
    Use: Scroll            |     1 |       |     1 ||     2
         Potion            |       |     2 |     5 ||     7
 Armour: Leather armour    |    20 |    37 |    25 ||    82
         Skin              |       |       |     8 ||     8
  Dodge: Dodged            |    10 |    37 |    36 ||    83

Table legend: (Time is in decaauts)
 A = Elapsed time spent in this place.
 B = Non-inter-level travel time spent in this place.
 C = Inter-level travel time spent in this place.
 D = Time resting spent in this place.
 E = Time spent auto-exploring this place.
 F = Levels seen in this place.
 G = Mean time per level.
                   A        B        C        D        E       F      G
               +--------+--------+--------+--------+--------+-----+--------+
         Total |   3362 |   3247 |    115 |    136 |   2470 |   6 |  560.3 |
       Dungeon |   3362 |   3247 |    115 |    136 |   2470 |   6 |  560.3 |
               +--------+--------+--------+--------+--------+-----+--------+

Top non-repeatable levels by time:
     D:3: 954 daAuts
     D:2: 887 daAuts
     D:4: 713 daAuts
     D:1: 395 daAuts
     D:5: 325 daAuts
     D:6: 86 daAuts
